 Dungeon Crawl Stone Soup version 0.21-a0-529-g8c7b3f5 (webtiles) character file.

98139 Gerstahl the Fencer (level 15, -9/123 HPs)
             Began as a Demonspawn Monk on Dec 10, 2017.
             Was the Champion of Nemelex Xobeh.
             Mangled by a reaper
             ... wielding a +2 vampiric scythe
              (31 damage)
             ... on level 3 of the Abyss.
             The game lasted 00:55:44 (23086 turns).

Gerstahl the Fencer (Demonspawn Monk)              Turns: 23086, Time: 00:55:45

Health: -9/123     AC: 27    Str: 12    XL:     15   Next: 74%
Magic:  22/22      EV: 22    Int: 19    God:    Nemelex Xobeh [******]
Gold:   577        SH:  0    Dex: 26    Spells: 14/14 levels left

rFire    + . .     SeeInvis .   Y - +3 great sword (venom)
rCold    . . .     Gourm    .   (shield currently unavailable)
rNeg     + + .     Faith    .   P - +4 troll leather armour
rPois    .         Spirit   .   o - +2 hat
rElec    +         Reflect  .   f - +2 cloak
rCorr    +         Harm     .   (no gloves)
MR       .....                  (no boots)
Stlth    ++........             T - amulet "Joybb" {RegenMP rN++ MR- Dex+6}
HPRegen  0.70/turn              j - ring of resist corrosion
MPRegen  0.43/turn              D - +6 ring of intelligence

@: sanguine armour, studying Fighting
A: talons 1, fire resistance 1, ignite blood, powered by death 2, electricity
resistance, flame cloud immunity, sanguine armour 3
a: Triple Draw, Deal Four, Stack Five, Renounce Religion


You were on level 3 of the Abyss.
You worshipped Nemelex Xobeh.
Nemelex Xobeh was exalted by your worship.
You were not hungry.

You visited 6 branches of the dungeon, and saw 26 of its levels.
You visited the Abyss 1 time.

You collected 2634 gold pieces.
You spent 2057 gold pieces at shops.

Inventory:

Hand Weapons
 L - a +9 scimitar of slicing
 Y - a +3 great sword of venom (weapon)
Armour
 a - the cursed +0 leather armour of Letomoar {rElec rF+ rN+}
   (You found it on level 1 of the Spider Nest)

   It protects you from fire.
   It insulates you from electricity.
   It protects you from negative energy.
   It has a curse placed upon it.
 f - a +2 cloak (worn)
 o - a +2 hat (worn)
 P - a +4 troll leather armour (worn)
Jewellery
 j - a ring of resist corrosion (left hand)
 B - an uncursed ring of positive energy
 D - a +6 ring of intelligence (right hand)
 T - the amulet "Joybb" (around neck) {RegenMP rN++ MR- Dex+6}
   (You found it on level 6 of the Lair of Beasts)

   [amulet of magic regeneration]

   It increases your magic regeneration.
   It affects your dexterity (+6).
   It greatly protects you from negative energy.
   It affects your resistance to hostile enchantments.
 X - an uncursed ring of ice
Wands
 h - a wand of disintegration (22)
 y - a wand of iceblast (13)
 C - a wand of digging (35)
 V - a wand of acid (10)
Scrolls
 b - a scroll of remove curse
 e - 4 scrolls of identify
 g - a scroll of torment {unknown}
 n - a scroll of blinking
 w - 8 scrolls of teleportation
 F - 4 scrolls of magic mapping
Potions
 p - 3 potions of agility
 s - a potion of magic
 z - 2 potions of might
 G - a potion of flight
 J - a potion of cancellation
 O - 8 potions of haste
 R - 5 potions of curing
Books
 v - a manual of Fighting
Miscellaneous
 k - an ornate deck of destruction
 l - a legendary deck of destruction {drawn: 1}
 q - an ornate deck of destruction
 u - a legendary deck of destruction
 x - a legendary deck of destruction
 A - an ornate deck of destruction
 K - a legendary deck of summoning {drawn: 2}
Comestibles
 c - 9 bread rations
 d - 18 fruits
 E - 7 meat rations


   Skills:
 + Level 13.1 Fighting
 + Level 15.6 Long Blades
 - Level 10.0 Armour
 - Level 10.0 Dodging
 - Level 1.7 Stealth
 - Level 10.0 Invocations
 - Level 10.0 Evocations


You had 14 spell levels left.
You didn't know any spells.

Dungeon Overview and Level Annotations

Branches:
Dungeon (15/15)            Temple (1/1) D:4            Lair (6/6) D:10
  Swamp (1/4) Lair:2       Spider (1/4) Lair:3        Slime (0/5) Lair:6
    Orc (2/2) D:9             Elf (0/3) Orc:2        Vaults (0/5) D:13
 Depths (0/5) D:15

Altars:
Ashenzari
Cheibriados
Dithmenos
Elyvilon
Fedhas
Gozag
Hepliaklqana
Kikubaaqudgha
Makhleb
Nemelex Xobeh
Okawaru
Qazlal
Ru
Sif Muna
Trog
Uskayaw
Vehumet
Wu Jian
Xom
Yredelemnul
Zin
The Shining One
Beogh
Jiyva

Shops:
D:4 *!   D:9 =   Orc:2 **:!

Portals:
Trove: D:12 (give 2 scrolls of acquirement)

Annotations:
Swamp:1 Louise


Innate Abilities, Weirdness & Mutations

You have sharp toenails.
Your flesh is heat resistant. (rF+)
Your demonic aura causes spilled blood to erupt in flames.
You regenerate health from kills.
You are immune to clouds of flame.
When seriously injured, your bleeding wounds create very thick armour. (AC +12)
You are resistant to electric shocks. (rElec)


Message History

You barely miss the reaper. Your kick misses the reaper.
The reaper is lightly wounded.
Unknown command.
You slash the reaper!
The reaper looks as sick as possible!
You claw the reaper, but do no damage.
The reaper is moderately wounded.
The lurking horror moves out of view.
The reaper hits you with a vampiric scythe!!
* * * LOW HITPOINT WARNING * * *
Unknown command.
You slice the reaper!! You claw the reaper, but do no damage.
The reaper is severely wounded.
Unknown command.
Unknown command.
You feel better. The reaper completely misses you.
You feel better.
The reaper is engulfed in blazing flames.
The reaper hits you with a vampiric scythe!!
You die...
Your body glows with a rainbow of weird colours and disappears.

..#...##.
#.#
.......# ..
. ......#
.. .
#....... ♣
$#....#.#
♣..#.*..#.#
♣♣..#...2.#
♣♣
≈......@##
.h.∩.
.....#.#§#
..
.......#.#
≈≈
.≈..#...†##
≈ .
.........#
§ .
≈..#....# .
≈ .
...#..3## .
♣ ......#.
# ..
....... .


You could see a reaper, a ynoxinul (wandering) and a lurking horror.

Vanquished Creatures
  Rupert (Lair:3)
  Gastronok (Lair:3)
  Kirke (D:12)
  Donald (Spider:1)
  A ghost moth (Spider:1)
  The ghost of happinesssam the Martial Artist, a journeyman DgTm (D:12)
  The ghost of anything the Geomancer, a journeyman OpEE of Vehumet (Lair:6)
  The ghost of p0werm0de the Fighter, a journeyman OpAM of Gozag (D:11)
  The ghost of Typee the Arsonist, a journeyman OpFE of Gozag (Lair:4)
  Fannar (D:12)
  Josephine (D:10)
  A vault guard (D:13)
  8 hydras
  6 catoblepae
  2 centaur warriors
  An alligator (Swamp:1)
  5 death yaks (Lair:6)
  4 two-headed ogres
  A tengu warrior (D:9)
  4 hell hogs (Abyss:3)
  3 orc high priests (Orc:2)
  Sonja (Lair:1)
  A shadow wraith (D:9)
  Nergalle (D:11)
  An unseen horror (D:10)
  A swamp dragon (Swamp:1)
  The ghost of Gerstahl the Slasher, a novice HuMo (D:4)
  4 orc knights (Orc:2)
  A wolf spider (D:9)
  4 orc sorcerers (Orc:2)
  An orb spider (Spider:1)
  8 ugly things
  7 manticores
  5 cyclopes
  4 oklob plants (Lair:5)
  5 black mambas
  2 centaur zombies
  4 elephants (Lair:6)
  4 gargoyles
  12 spiny frogs
  A rime drake (Lair:5)
  A kobold demonologist (D:14)
  9 komodo dragons
  3 centaur skeletons
  2 tengu conjurers (D:15)
  A jumping spider (Spider:1)
  A meliai (D:13)
  A tyrant leech (Swamp:1)
  6 trolls
  A polar bear (D:13)
  2 hornets (Spider:1)
  2 slime creatures (D:15)
  A wolf spider simulacrum (D:15)
  20 blink frogs
  4 raiju (Abyss:3)
  7 hippogriffs
  2 tarantellas
  3 centaur simulacra (D:13)
  Sigmund (D:5)
  7 wraiths
  2 redbacks (Lair:6)
  5 wyverns
  2 vampires
  40 yaks
  2 humans
  9 hogs
  9 basilisks
  A steam dragon (D:11)
  2 vampire mosquitoes (D:15)
  2 hungry ghosts
  3 wargs
  8 water moccasins
  5 porcupines
  A swamp drake (Lair:2)
  7 sky beasts
  A black bear (D:6)
  15 orc warriors
  5 ice beasts
  A slave (D:5)
  A meliai simulacrum (D:13)
  3 wolves (D:13)
  A necrophage (D:10)
  9 ogres
  7 centaurs
  8 crocodiles
  3 big kobolds
  9 bullfrogs
  A water moccasin zombie (D:6)
  A wyvern skeleton (D:12)
  2 scorpions
  8 killer bees
  19 wights
  3 electric eels
  4 crimson imps
  3 jellies
  A quasit (D:11)
  A bullfrog zombie (D:6)
  8 hounds
  A bullfrog skeleton (D:4)
  10 orc priests
  23 orc wizards
  3 iguanas
  9 worker ants
  2 killer bee zombies
  2 hound skeletons
  4 gnolls
  11 adders
  3 shadow imps
  3 ufetubi (D:13)
  An ooze (D:1)
  2 adder zombies
  3 worms
  2 dart slugs
  5 leopard geckos
  53 orcs
  A ball python (D:4)
  11 bats
  2 giant cockroaches
  8 goblins
  7 hobgoblins
  4 jackals
  2 quokkas
  9 frilled lizards
  26 kobolds
  2 leopard gecko skeletons
  2 quokka skeletons
  12 rats
  A fungus (Lair:3)
  7 plants
631 creatures vanquished.

Vanquished Creatures (collateral kills)
  Saint Roka (Orc:2)
  A fire giant (D:15)
  Pikel (D:5)
  An orc sorcerer (Orc:2)
  An elephant (Lair:6)
  An orc warrior (Orc:2)
  An ogre (D:6)
  A gnoll sergeant (D:7)
  A killer bee (D:11)
  4 wights (D:7)
  A jelly (D:5)
  An orc priest (Orc:2)
  An adder skeleton (D:6)
  A leopard gecko (D:6)
  5 orcs
  2 giant cockroaches
  A goblin (D:4)
25 creatures vanquished.

Vanquished Creatures (others)
  A crimson imp (D:5)
  A jelly (D:5)
  A shadow imp (D:5)
  4 orcs (D:5)
  3 fungi (Lair:5)
  2 plants (Lair:5)
12 creatures vanquished.

Grand Total: 668 creatures vanquished

Notes
Turn   | Place    | Note
-------+----------+-------------------------------------------
     0 | D:1      | Gerstahl the Demonspawn Monk began the quest for the Orb.
     0 | D:1      | Reached XP level 1. HP: 18/18 MP: 1/1
   292 | D:1      | Gained mutation: Your flesh is heat resistant. (rF+) [demonic ancestry]
   292 | D:1      | Reached XP level 2. HP: 24/24 MP: 2/2
   320 | D:1      | Reached skill level 3 in Long Blades
   552 | D:1      | Reached XP level 3. HP: 29/29 MP: 3/3
  1413 | D:2      | Gained mutation: When seriously injured, your bleeding wounds create armour. (AC +12) [demonic ancestry]
  1413 | D:2      | Reached XP level 4. HP: 35/37 MP: 4/4
  2508 | D:3      | Gained mutation: You are immune to clouds of flame. [demonic ancestry]
  2508 | D:3      | Reached XP level 5. HP: 40/42 MP: 5/5
  3031 | D:3      | Reached skill level 4 in Long Blades
  3536 | D:4      | Noticed Gerstahl's ghost (novice HuMo)
  3563 | D:4      | Killed Gerstahl's ghost
  3563 | D:4      | Reached skill level 5 in Fighting
  3563 | D:4      | Reached skill level 5 in Long Blades
  3563 | D:4      | Gained mutation: Your demonic aura causes spilled blood to erupt in flames. [demonic ancestry]
  3563 | D:4      | Reached XP level 6. HP: 10/51 MP: 6/6
  3563 | D:4      | Gained mutation: When seriously injured, your bleeding wounds create thick armour. (AC +12) [demonic ancestry]
  3563 | D:4      | Reached XP level 7. HP: 11/56 MP: 7/7
  3569 | D:4      | Reached skill level 5 in Dodging
  3958 | D:4      | Reached skill level 1 in Evocations
  4015 | D:4      | Found Guros's Distillery.
  4018 | D:4      | Bought a potion of mutation for 112 gold pieces
  4018 | D:4      | Gained mutation: You are resistant to electric shocks. (rElec) [potion of mutation]
  4018 | D:4      | Gained mutation: You have large cloven feet. [potion of mutation]
  4238 | D:4      | Found Eguudiq's Assorted Antiques.
  4255 | D:4      | Found a staircase to the Ecumenical Temple.
  4378 | Temple   | Entered the Ecumenical Temple
  4406 | Temple   | Became a worshipper of Nemelex Xobeh the Trickster
  4406 | Temple   | Received a gift from Nemelex Xobeh
  4406 | Temple   | Reached * piety under Nemelex Xobeh
  4406 | Temple   | Received a gift from Nemelex Xobeh
  4406 | Temple   | Reached ** piety under Nemelex Xobeh
  4406 | Temple   | Received a gift from Nemelex Xobeh
  4536 | D:4      | Found an iron altar of Okawaru.
  4651 | D:5      | Entered Level 5 of the Dungeon
  4693 | D:5      | Noticed Pikel
  4708 | D:5      | Killed Pikel
  4708 | D:5      | Reached XP level 8. HP: 63/64 MP: 9/9
  5014 | D:5      | Noticed Sigmund
  5022 | D:5      | Killed Sigmund
  5022 | D:5      | Reached skill level 6 in Long Blades
  5396 | D:6      | Reached skill level 1 in Invocations
  5651 | D:6      | Reached XP level 9. HP: 48/71 MP: 11/11
  5890 | D:6      | You fall through a shaft!
  7673 | D:7      | Reached skill level 7 in Long Blades
  7673 | D:7      | Reached skill level 5 in Evocations
  7942 | D:8      | Reached *** piety under Nemelex Xobeh
  7986 | D:8      | Reached skill level 5 in Invocations
  8059 | D:8      | Noticed a cyclops
  8066 | D:8      | Killed a cyclops
  8066 | D:8      | Gained mutation: You regenerate a little health from kills. [demonic ancestry]
  8066 | D:8      | Reached XP level 10. HP: 71/80 MP: 14/14
  8215 | D:8      | Noticed a cyclops
  8215 | D:8      | Noticed a cyan ugly thing
  8235 | D:8      | Noticed a cyclops
  8606 | D:9      | Noticed a two-headed ogre
  8610 | D:9      | Noticed a two-headed ogre
  8611 | D:9      | Killed a two-headed ogre
  8617 | D:9      | Killed a two-headed ogre
  8761 | D:9      | Noticed a wolf spider
  8762 | D:9      | Received a gift from Nemelex Xobeh
  8762 | D:9      | Noticed a tengu warrior
  8763 | D:9      | Noticed a green ugly thing
  8802 | D:9      | Found a staircase to the Orcish Mines.
  8891 | D:9      | Killed a tengu warrior
  8891 | D:9      | Reached skill level 8 in Long Blades
  9208 | D:9      | Killed a wolf spider
  9212 | D:9      | Killed a green ugly thing
  9614 | D:9      | Noticed a two-headed ogre
  9618 | D:9      | Killed a two-headed ogre
  9618 | D:9      | Gained mutation: When seriously injured, your bleeding wounds create very thick armour. (AC +12) [demonic ancestry]
  9618 | D:9      | Reached XP level 11. HP: 61/87 MP: 16/16
  9838 | D:9      | Found Hiamech's Jewellery Shop.
 10264 | D:9      | Received a gift from Nemelex Xobeh
 10277 | D:9      | Found a large runed door.
 10278 | D:9      | Found a large runed door.
 10407 | D:9      | Found a deep blue altar of Sif Muna.
 10410 | D:9      | Found an ancient bone altar of Kikubaaqudgha.
 10410 | D:9      | Noticed a centaur warrior
 10415 | D:9      | Killed a centaur warrior
 10423 | D:9      | Killed a shadow wraith
 10604 | D:10     | Entered Level 10 of the Dungeon
 10616 | D:10     | Reached **** piety under Nemelex Xobeh
 10662 | D:10     | Killed an unseen horror
 10677 | D:10     | Received a gift from Nemelex Xobeh
 10721 | D:10     | Noticed Josephine
 10734 | D:10     | Killed Josephine
 10769 | D:10     | Found a staircase to the Lair.
 11060 | D:11     | Noticed Nergalle
 11063 | D:11     | Received a gift from Nemelex Xobeh
 11073 | D:11     | Killed Nergalle
 11073 | D:11     | Reached skill level 9 in Long Blades
 11095 | D:11     | Noticed p0werm0de's ghost (journeyman OpAM)
 11593 | D:11     | Received a gift from Nemelex Xobeh
 12002 | D:11     | Killed p0werm0de's ghost
 12002 | D:11     | Reached skill level 10 in Fighting
 12002 | D:11     | Reached XP level 12. HP: 64/97 MP: 19/19
 12112 | D:12     | Reached ***** piety under Nemelex Xobeh
 12213 | D:12     | Noticed Fannar
 12223 | D:12     | Killed Fannar
 12256 | D:12     | Received a gift from Nemelex Xobeh
 12307 | D:12     | Reached skill level 10 in Invocations
 12327 | D:12     | Found a portal to a secret trove of treasure.
 12573 | D:12     | Received a gift from Nemelex Xobeh
 12630 | D:12     | Noticed Kirke
 12638 | D:12     | Killed Kirke
 12827 | D:12     | Noticed happinesssam's ghost (journeyman DgTm)
 12886 | D:12     | Killed happinesssam's ghost
 12984 | D:13     | Reached skill level 10 in Long Blades
 12990 | D:13     | Reached skill level 10 in Dodging
 13210 | D:13     | Received a gift from Nemelex Xobeh
 13355 | D:13     | Reached XP level 13. HP: 64/106 MP: 20/20
 13457 | D:13     | Reached skill level 1 in Armour
 13559 | D:13     | Found a gate to the Vaults.
 13566 | D:13     | Reached skill level 10 in Evocations
 13948 | D:14     | Received a gift from Nemelex Xobeh
 14290 | D:14     | Received a gift from Nemelex Xobeh
 14420 | D:15     | Entered Level 15 of the Dungeon
 14897 | D:15     | Reached ****** piety under Nemelex Xobeh
 14910 | D:15     | Found a staircase to the Depths.
 14910 | D:15     | Noticed a fire giant
 14937 | D:15     | Killed a fire giant
 14937 | D:15     | Reached skill level 11 in Long Blades
 15198 | D:15     | Received a gift from Nemelex Xobeh
 15982 | Lair:1   | Entered Level 1 of the Lair of Beasts
 16107 | Lair:1   | Noticed Sonja
 16115 | Lair:1   | Killed Sonja
 16271 | Lair:1   | Received a gift from Nemelex Xobeh
 16332 | Lair:1   | Reached skill level 5 in Armour
 16619 | Lair:2   | Received a gift from Nemelex Xobeh
 16824 | Lair:2   | Found a staircase to the Swamp.
 17329 | Lair:3   | Gained mutation: You regenerate health from kills. [demonic ancestry]
 17329 | Lair:3   | Reached XP level 14. HP: 23/115 MP: 21/21
 17334 | Lair:3   | Reached skill level 12 in Long Blades
 17487 | Lair:3   | Received a gift from Nemelex Xobeh
 17584 | Lair:3   | Found a hole to the Spider Nest.
 17657 | Lair:3   | Received a gift from Nemelex Xobeh
 17774 | Lair:3   | Noticed Rupert
 17783 | Lair:3   | Killed Rupert
 17923 | Lair:3   | Noticed Gastronok
 17940 | Lair:3   | Killed Gastronok
 18412 | Lair:4   | Received a gift from Nemelex Xobeh
 18603 | Lair:4   | Received a gift from Nemelex Xobeh
 18609 | Lair:4   | Noticed Typee's ghost (journeyman OpFE)
 18620 | Lair:4   | Killed Typee's ghost
 18743 | Lair:4   | Found a stormy altar of Qazlal.
 18917 | Lair:4   | You fall through a shaft for 2 floors!
 18917 | Lair:6   | Entered Level 6 of the Lair of Beasts
 18920 | Lair:6   | Noticed anything's ghost (journeyman OpEE)
 18957 | Lair:6   | Killed anything's ghost
 18969 | Lair:6   | Reached skill level 13 in Long Blades
 19011 | Lair:6   | Found a viscous altar of Jiyva.
 19011 | Lair:6   | Found a staircase to the Slime Pits.
 19077 | Lair:6   | Received a gift from Nemelex Xobeh
 19114 | Lair:6   | Found a bloodstained altar of Trog.
 19360 | Lair:6   | Found the macabre finger necklace {rN+}
 19378 | Lair:6   | Got a twitching graven amulet
 19682 | Lair:6   | Received a gift from Nemelex Xobeh
 19688 | Lair:6   | Identified the amulet "Joybb" {RegenMP rN++ MR- Dex+6} (You found it on level 6 of the Lair of Beasts)
 19783 | Lair:5   | Lost mutation: You have large cloven feet. [demonic ancestry]
 19783 | Lair:5   | Gained mutation: You have sharp toenails. [demonic ancestry]
 19783 | Lair:5   | Reached XP level 15. HP: 117/120 MP: 22/22
 19891 | Lair:5   | Reached skill level 10 in Armour
 19954 | Lair:5   | Received a gift from Nemelex Xobeh
 20080 | Lair:5   | Reached skill level 14 in Long Blades
 20697 | Lair:5   | Received a gift from Nemelex Xobeh
 21119 | Orc:1    | Entered Level 1 of the Orcish Mines
 21165 | Orc:1    | Received a gift from Nemelex Xobeh
 21283 | Orc:1    | Found a roughly hewn altar of Beogh.
 21560 | Orc:2    | Entered Level 2 of the Orcish Mines
 21583 | Orc:2    | Found a staircase to the Elven Halls.
 21678 | Orc:2    | Received a gift from Nemelex Xobeh
 21911 | Orc:2    | Noticed Saint Roka
 22237 | Orc:2    | Killed Saint Roka
 22237 | Orc:2    | Reached skill level 15 in Long Blades
 22427 | Orc:2    | Found Itoluk's Distillery.
 22427 | Orc:2    | Found Nudy's General Store.
 22438 | Orc:2    | Found Seibos's Book Shoppe.
 22444 | Orc:2    | Found Hotya's General Store.
 22462 | Orc:2    | Bought a potion of heal wounds for 60 gold pieces
 22462 | Orc:2    | Bought a potion of heal wounds for 60 gold pieces
 22464 | Orc:2    | Bought a manual of Fighting for 1545 gold pieces
 22472 | Orc:2    | Bought a scroll of brand weapon for 280 gold pieces
 22620 | Spider:1 | Entered Level 1 of the Spider Nest
 22648 | Spider:1 | Noticed Donald
 22660 | Spider:1 | Killed Donald
 22664 | Spider:1 | Got a pitted leather armour
 22684 | Spider:1 | Identified the cursed +0 leather armour of Letomoar {rElec rF+ rN+} (You found it on level 1 of the Spider Nest)
 22867 | Spider:1 | Killed a ghost moth
 22991 | Swamp:1  | Entered Level 1 of the Swamp
 22995 | Swamp:1  | Received a gift from Nemelex Xobeh
 23004 | Swamp:1  | Noticed Louise
 23021 | Swamp:1  | Cast into level 3 of the Abyss (Louise)
 23083 | Abyss:3  | HP: 4/123 [reaper/vampiric scythe (24)]
 23086 | Abyss:3  | Mangled by a reaper

Vault maps used:
D:1:      dpeg_arrival_pits, st_stairs_9, corexii_leaking_fountain
D:2:      first_bread
D:3:      kennysheep_boxes
D:4:      okawaru_altar_gauntlet_db, temple_green, serial_shops,
          nicolae_shop_behind_doors, nicolae_shop_overgrown_old_shop
D:5:      minivault_11, minivault_4, minmay_a_box_with_orc_wizards_in_it,
          uniq_sigmund, uniq_pikel
D:7:      grunt_livestock, minmay_checkerbox
D:8:      minivault_12
D:9:      orc_0_dummy, serial_shops, shop_statue, jmf_multi_god_temple2
D:10:     dpeg_oklobed_lair, uniq_josephine
D:11:     uniq_nergalle
D:12:     nicolae_trove_entry_crystal, kennysheep_diamond, grunt_ministairs_1,
          lemuel_flame_loot_1, uniq_fannar, uniq_kirke
D:13:     david_vaults_5, serial_ice, serial_ice_k, serial_ice_g, serial_ice_m,
          serial_ice_f, serial_ice_h, serial_ice_e, serial_ice_d, st_stairs_5
D:14:     grunt_decor_one_mirror
D:15:     grunt_enter_depths_giant_problem, minmay_misc_feat_five
Temple:   dpeg_three_leaves_temple
Lair:1:   beast_lair_carwin_large_2, infiniplex_staircase_pool_2, uniq_sonja
Lair:2:   minmay_swamp_entry_reptiles, hangedman_lair_generics_rect,
          serial_bayou_shore_b
Lair:3:   spider_nest_entry_rubble, uniq_rupert, uniq_gastronok
Lair:4:   basic_altar
Lair:5:   minmay_lair_oklob_chamber, lemuel_fruit_fields, grunt_megastairs_3
Lair:6:   evilmike_catoblepas_cave, slime_altar_1, basic_altar
Swamp:1:  cheibrodos_swamp_tower_of_moss, evilmike_swamp_ruin_house_5,
          uniq_aizul, uniq_louise
Spider:1: uniq_donald
Orc:1:    basic_altar
Orc:2:    st_orc_elflike, uniq_saint_roka
Abyss:3:  due_evilmike_abyss_rune_seething_liches

Skill      XL: |  1  2  3  4  5  6  7  8  9 10 11 12 13 14 15 |
---------------+----------------------------------------------+-----
Long Blades    | 3 5 6 7 8 9 10 11 13 15 | 15.6
Dodging        | 3 4 5 6 7 8 9 10 | 10.0
Fighting       | 4 5 6 7 8 10 11 12 13 | 13.1
Evocations     | 2 3 5 6 8 9 10 | 10.0
Invocations    | 1 5 7 9 10 | 10.0
Armour         | 6 9 10 | 10.0
Stealth        | |  1.7

Action                   |  1- 3 |  4- 6 |  7- 9 | 10-12 | 13-15 || total
-------------------------+-------+-------+-------+-------+-------++-------
Melee: Falchion          |   121 |   202 |   352 |    78 |       ||   753
       Kick              |       |       |   135 |   197 |   368 ||   700
       Scimitar          |       |       |       |   410 |   661 ||  1071
       Great sword       |       |       |       |       |    92 ||    92
Evoke: Deck              |       |       |     5 |     4 |    18 ||    27
       Wand              |       |       |     3 |     7 |     4 ||    14
  Use: Scroll            |       |     4 |       |    20 |    20 ||    44
       Potion            |       |     1 |     1 |    10 |    17 ||    29
 Stab: Sleeping          |     4 |     2 |     4 |     1 |     6 ||    17
       Distracted        |       |       |     1 |     2 |     1 ||     4
       Petrified         |       |       |       |       |     2 ||     2
       Paralysed         |       |       |       |       |     1 ||     1
       Held in net/web   |       |       |       |       |     2 ||     2
  Eat: Chunk             |     1 |     8 |    12 |    12 |    16 ||    49
       Fruit             |       |       |     3 |     3 |     3 ||     9
       Royal jelly       |       |       |       |     3 |     4 ||     7
       Meat ration       |       |       |       |       |     1 ||     1
Armor: Robe              |    57 |    22 |       |       |       ||    79
       Leather armour    |       |    32 |    85 |    35 |       ||   152
       Troll leather arm |       |       |       |   106 |   297 ||   403
Dodge: Dodged            |   118 |   142 |   287 |   446 |   627 ||  1620
       Rpst.: Falchion   |    40 |    38 |    91 |    14 |       ||   183
       Scimitar          |       |       |       |    92 |   140 ||   232
       Great sword       |       |       |       |       |    21 ||    21

Table legend:
 A = Spawn XP
 B = Non-spawn XP
 C = Spawn XP percentage of total XP
 D = Spawn monster count
 E = Non-spawn monster count
 F = Spawn count percentage of total count
 G = Total turns spent on level
                    A         B        C        D         E        F      G
               +---------+---------+-------+---------+---------+-------+---------
         Total |    3984 |  136215 |   2.8 |       8 |     639 |   1.2 | 23086
               +---------+---------+-------+---------+---------+-------+---------
           D:1 |       0 |      70 |   0.0 |       0 |      31 |   0.0 |   979
           D:2 |       0 |      55 |   0.0 |       0 |      24 |   0.0 |   836
           D:3 |       0 |     182 |   0.0 |       0 |      28 |   0.0 |  1712
           D:4 |       0 |     965 |   0.0 |       0 |      27 |   0.0 |  1081
           D:5 |       0 |    1097 |   0.0 |       0 |      20 |   0.0 |   724
           D:6 |       0 |     821 |   0.0 |       0 |      18 |   0.0 |   768
           D:7 |       0 |    1978 |   0.0 |       0 |      28 |   0.0 |  1799
           D:8 |       0 |    1274 |   0.0 |       0 |      21 |   0.0 |   664
           D:9 |       0 |    7800 |   0.0 |       0 |      38 |   0.0 |  2020
          D:10 |       0 |    3882 |   0.0 |       0 |      15 |   0.0 |   496
          D:11 |       0 |    4439 |   0.0 |       0 |      36 |   0.0 |  1019
          D:12 |       0 |    9452 |   0.0 |       0 |      31 |   0.0 |   911
          D:13 |       0 |    9255 |   0.0 |       0 |      45 |   0.0 |   833
          D:14 |       0 |    1605 |   0.0 |       0 |      11 |   0.0 |   696
          D:15 |       0 |   10533 |   0.0 |       0 |      25 |   0.0 |  1449
        Lair:1 |       0 |    3643 |   0.0 |       0 |      13 |   0.0 |   687
        Lair:2 |       0 |    6681 |   0.0 |       0 |      21 |   0.0 |   751
        Lair:3 |       0 |   10537 |   0.0 |       0 |      25 |   0.0 |  1153
        Lair:4 |       0 |    5566 |   0.0 |       0 |      12 |   0.0 |   876
        Lair:5 |       0 |   12646 |   0.0 |       0 |      35 |   0.0 |  1023
        Lair:6 |       0 |   19616 |   0.0 |       0 |      51 |   0.0 |   817
       Swamp:1 |       0 |    3091 |   0.0 |       0 |       5 |   0.0 |    30
      Spider:1 |       0 |    5440 |   0.0 |       0 |       8 |   0.0 |   248
         Orc:1 |       0 |    1016 |   0.0 |       0 |      14 |   0.0 |   457
         Orc:2 |       0 |   14571 |   0.0 |       0 |      57 |   0.0 |   949
       Abyss:3 |    3984 |       0 | 100.0 |       8 |       0 | 100.0 |    65
               +---------+---------+-------+---------+---------+-------+---------
